 Dungeon Crawl Stone Soup version 0.25-a0-1079-g858b6a6ff6 (webtiles) character file.

Game seed: 7939274452512368406, levelgen mode: deterministic

3 Esekla the Magician (level 1, 0/11 HPs)
             Began as an Octopode Wizard on May 15, 2020.
             Slain by an ogre
             ... wielding a +0 giant spiked club
              (10 damage)
             ... on level 5 of the Dungeon.
             The game lasted 00:05:48 (1004 turns).

Esekla the Magician (Octopode Wizard)               Turns: 1004, Time: 00:05:48

Health: 0/11       AC:  1    Str:  6    XL:     1   Next: 50%
Magic:  4/4        EV: 13    Int: 20    God:
Gold:   61         SH:  0    Dex: 10    Spells: 5/6 levels left

rFire    . . .     SeeInvis .   f - +0 short sword
rCold    . . .     Gourm    .   (no shield)
rNeg     . . .     Faith    .   a - +0 hat
rPois    .         Spirit   .   (no amulet)
rElec    .         Reflect  .   (no ring)
rCorr    .         Harm     .   (no ring)
MR       .....                  (no ring)
Stlth    +++.......             (no ring)
HPRegen  0.03/turn              (no ring)
MPRegen  0.09/turn              (no ring)
                                (no ring)
                                (no ring)

@: no status effects
A: almost no armour, stealthy swim, amphibious, 8 rings, constrict 8, camouflage
1, gelatinous body 1
a: no special abilities


You were on level 5 of the Dungeon.
You were not hungry.

You visited 1 branch of the dungeon, and saw 5 of its levels.

You collected 61 gold pieces.

Inventory:

Hand Weapons
 d - a +0 hand axe
 f - a +0 short sword (weapon)
 j - a +1 hunting sling of flaming
Missiles
 h - 2 boomerangs (quivered)
Armour
 a - a +0 hat (worn)
Scrolls
 b - a scroll of blinking {unknown}
 e - 2 scrolls of teleportation {unknown}
 g - 2 scrolls of identify {unknown}
 i - a scroll of noise {unknown}
Comestibles
 c - 3 rations


   Skills:
 * Level 0.2 Fighting
 + Level 2.1 Dodging
 - Level 2.6 Stealth
 * Level 3.0 Spellcasting
 + Level 1.0 Conjurations
   Level 1.0 Summonings
   Level 1.0 Translocations


You had 5 spell levels left.
You knew the following spells:

 Your Spells              Type           Power        Failure   Level  Hunger
a - Magic Dart            Conj           #...         10%         1    None

Your spell library contained the following spells:

 Spells                   Type           Power        Failure   Level  Hunger
 Blink                    Tloc           N/A          14%         2    ##.....
 Call Imp                 Summ           #.......     14%         2    ##.....
 Slow                     Hex            #.......     22%         2    ##.....
 Conjure Flame            Conj/Fire      #.......     34%         3    ###....
 Mephitic Cloud           Conj/Pois/Air  #.......     36%         3    ###....


Dungeon Overview and Level Annotations

Branches:
Dungeon (5/15)
 Temple: D:4-7

Altars:

Annotations:
D:3 Jessica


Innate Abilities, Weirdness & Mutations

You cannot wear most types of armour.
You are very stealthy in the water. (Stealth+)
You are amphibious.
You can wear up to eight rings at the same time.
You can use your tentacles to constrict eight enemies at once.
Your skin changes colour to match your surroundings (Stealth+).
Your rubbery body absorbs attacks. (AC +1, EV +1)


Message History

The jackal barely misses you.
You barely miss the jackal.
The jackal is almost dead.
You constrict the jackal.
You kill the jackal!
You start resting.
Magic restored.
You start resting.
A giant cockroach comes into view.
A kobold comes into view. It is quivering 6 poisoned darts.
There is a stone staircase leading down here.
You climb downwards.
There is a stone staircase leading up here.
There is a stone staircase leading down here.
You climb downwards.
The ogre shouts!
The worker ant twitches its antennae in your direction.
The ogre hits you with a +0 giant spiked club!
Ouch! That really hurt!
You die...

## .# # .#
#############.#
.#####...........#.#####
.......#####...O........
.......# .#.a@.......
######.# #...#########
#.# #.# #.#####.#
#.......# #########


You could see an ogre and a worker ant.

Vanquished Creatures
  A jackal (D:3)
  A quokka (D:4)
  A frilled lizard (D:1)
3 creatures vanquished.

Notes
Turn   | Place    | Note
-------+----------+-------------------------------------------
     0 | D:1      | Esekla the Octopode Wizard began the quest for the Orb.
     0 | D:1      | Reached XP level 1. HP: 11/11 MP: 4/4
   171 | D:3      | Noticed Jessica
   218 | D:5      | Entered Level 5 of the Dungeon
   423 | D:5      | Noticed a worker ant
   423 | D:5      | Noticed an ogre
   498 | D:4      | Noticed a worker ant
   810 | D:4      | Noticed a howler monkey
  1004 | D:5      | Slain by an ogre

Illustrated notes

Levels and vault maps discovered:
D:1:      dpeg_arrival_shrine, layout_basic, minmay_hedge_maze
D:2:      layout_basic, kennysheep_generic_room_2
D:3:      layout_basic, first_ration, kennysheep_generic_room_11, uniq_ijyb,
          uniq_jessica
D:4:      layout_gridville, minmay_temple_entry_offerings
D:5:      layout_loops_ring, item_on_display_a

Action                   || total
-------------------------++-------
Melee: Short sword       ||     7
       Constrict         ||     1
 Cast: Magic Dart        ||     6
Armor: Skin              ||     1
Dodge: Dodged            ||     5

Table legend:
 A = Non-vault XP
 B = Vault XP
 C = Vault XP percentage of total XP
 D = Non-vault monster count
 E = Vault monster count
 F = Vault count percentage of total count
                 A         B        C        D         E       F
            +---------+---------+-------+---------+---------+-------
      Total |       5 |       0 |   0.0 |       3 |       0 |   0.0
            +---------+---------+-------+---------+---------+-------
        D:1 |       1 |       0 |   0.0 |       1 |       0 |   0.0
        D:3 |       2 |       0 |   0.0 |       1 |       0 |   0.0
        D:4 |       2 |       0 |   0.0 |       1 |       0 |   0.0
            +---------+---------+-------+---------+---------+-------
